 Dungeon Crawl Stone Soup version 0.18.1-48-g4cf74bf (webtiles) character file.

83 tyranidshit the Skirmisher (level 4, -2/58 HPs)
             Began as a Demonspawn Abyssal Knight on Sept 11, 2016.
             Was a Follower of Lugonu.
             Slain by negitausen's ghost (3 damage)
             ... on level 3 of the Dungeon.
             The game lasted 00:03:57 (1363 turns).

tyranidshit the Skirmisher (DsAK)                   Turns: 1363, Time: 00:03:57

Health: -2/58      AC: 11    Str: 26    XL:     4   Next: 22%
Magic:  5/5        EV:  8    Int: 13    God:    Lugonu [*.....]
Gold:   81         SH:  0    Dex: 12    Spells: 0 memorised, 3 levels left

rFire  x . .     SeeInvis .     e - +7 dagger "Bothrop" {pierce, rF- rN+ MR- Str+7}
rCold  . . .     Gourm    .     g - +0 chain mail
rNeg   + . .     Faith    .     (no shield)
rPois  .         Spirit   .     (no helmet)
rElec  .         Dismiss  .     (no cloak)
rCorr  .         Reflect  .     l - +2 pair of gloves
SustAt .         Harm     .     (no boots)
MR     .....                    (no amulet)
Stlth  ..........               (no ring)
                                (no ring)

@: berserking (expiring), very quick, not resistant to hostile enchantments,
extremely unstealthy
A: hooves 1
a: Depart the Abyss, Renounce Religion


You were on level 3 of the Dungeon.
You worshipped Lugonu.
Lugonu was aware of your devotion.
You were not hungry.

You visited 1 branch of the dungeon, and saw 3 of its levels.
You visited the Abyss 1 time.

You collected 81 gold pieces.

Inventory:

Hand Weapons
 a - a +2 hand axe
 e - the +7 dagger "Bothrop" (weapon) {pierce, rF- rN+ MR- Str+7}
   (You found it on level 2 of the Abyss)

   It inflicts extra damage upon your enemies.
   It affects your strength (+7).
   It makes you vulnerable to fire.
   It protects you from negative energy.
   It affects your resistance to hostile enchantments.
Armour
 b - a +0 leather armour
 g - a +0 chain mail (worn)
 l - a +2 pair of gloves (worn)
Scrolls
 c - a scroll of random uselessness {unknown}
 d - 4 scrolls of remove curse
 i - a scroll of magic mapping
 j - a scroll of amnesia {unknown}
 k - a scroll of teleportation {unknown}
 o - a scroll of identify {unknown}
Potions
 m - a potion of might {unknown}
 n - a potion of berserk rage
Comestibles
 f - a royal jelly
 h - a meat ration


   Skills:
 + Level 5.1 Fighting
 - Level 1.7 Axes
 - Level 1.7 Armour
 - Level 0.8 Dodging
 - Level 2.4 Invocations


You had 3 spell levels left.
You didn't know any spells.

Dungeon Overview and Level Annotations

Branches:
Dungeon (3/15)

Altars:
Gozag
The Shining One

Annotations:
D:3 negitausen's ghost, amateur DsBe


Innate Abilities, Weirdness & Mutations

You have large cloven feet.


Message History

Negitausen's ghost hits you.
* * * LOW HITPOINT WARNING * * *
x2 You closely miss negitausen's ghost.
Your kick misses negitausen's ghost.
Negitausen's ghost is heavily damaged.
You puncture negitausen's ghost!
Negitausen's ghost is severely damaged.
Negitausen's ghost closely misses you.
You completely miss negitausen's ghost.
You kick negitausen's ghost, but do no damage.
Negitausen's ghost is severely damaged.
Negitausen's ghost hits you.
* * * LOW HITPOINT WARNING * * *
x2 You hit negitausen's ghost.
Negitausen's ghost is almost destroyed.
Your chain mail prevents you from hitting negitausen's ghost.
You kick negitausen's ghost, but do no damage.
Negitausen's ghost is almost destroyed.
Negitausen's ghost hits you!
* * * LOW HITPOINT WARNING * * *
You die...

#......#####....#......
+......'...+...........
#......#####...........
#......# #......(....
#......# #...........
#......# ##....<.....
######.# #..........
#)## #.......... #@.#
#....###### ##W# #....#
... ....# ....# #..##
..# ..#


You could see negitausen's ghost.

Vanquished Creatures
  A gnoll (D:1)
  2 adders (D:2)
  A worm (D:3)
  2 dart slugs
  2 giant geckos (D:1)
  5 goblins
  7 hobgoblins
  7 jackals (D:1)
  A quokka (D:2)
  A ball python (D:3)
  2 bats
  6 giant newts
  4 kobolds
  5 rats
46 creatures vanquished.

Notes
Turn   | Place    | Note
--------------------------------------------------------------
     0 | Abyss:1  | tyranidshit the Demonspawn Abyssal Knight began the quest for the Orb.
     0 | Abyss:1  | Reached XP level 1. HP: 18/18 MP: 2/2
    50 | Abyss:2  | Got a crude dagger
    51 | Abyss:2  | Identified the +7 dagger "Bothrop" {pierce, rF- rN+ MR- Str+7} (You found it on level 2 of the Abyss)
    82 | Abyss:2  | Noticed a large abomination
    82 | Abyss:2  | Noticed a small abomination
    82 | Abyss:2  | Noticed a neqoxec
    84 | Abyss:2  | Noticed a quasit
    84 | Abyss:2  | Noticed an iron imp
    84 | D:1      | Escaped the Abyss
   261 | D:1      | Gained mutation: You have large cloven feet. [demonic ancestry]
   261 | D:1      | Reached XP level 2. HP: 23/24 MP: 3/3
   405 | D:1      | Reached skill level 4 in Fighting
   500 | D:1      | Reached XP level 3. HP: 4/31 MP: 4/4
   728 | D:1      | Reached * piety under Lugonu
   864 | D:2      | Found a faded altar to an unknown god.
   925 | D:2      | Reached XP level 4. HP: 38/38 MP: 5/5
   934 | D:2      | Reached skill level 5 in Fighting
   945 | D:2      | Found a glowing golden altar of the Shining One.
  1166 | D:2      | Found an opulent altar of Gozag.
  1346 | D:3      | Noticed negitausen's ghost (amateur DsBe)
  1363 | D:3      | HP: 1/58 [negitausen's ghost (9)]
  1363 | D:3      | Slain by negitausen's ghost

Skill      XL: |  1  2  3  4 |
---------------+-------------+-----
Fighting       | 4 5 |  5.1
Axes           | |  1.7
Armour         | |  1.7
Dodging        | |  0.8
Invocations    | |  2.4

Action                   |  1- 3 |  4- 6 || total
-------------------------+-------+-------++-------
Melee: Dagger            |    67 |    34 ||   101
       Kick              |     7 |     7 ||    14
Invok: Depart the Abyss  |     1 |       ||     1
  Use: Scroll            |     3 |       ||     3
       Potion            |     2 |     1 ||     3
 Stab: Sleeping          |     1 |       ||     1
  Eat: Bread ration      |       |     1 ||     1
Armor: Leather armour    |     5 |       ||     5
       Chain mail        |     5 |    10 ||    15
Dodge: Dodged            |    30 |     6 ||    36
